AoeStats
← KND

Arabia

503254079Analyzed
1v1 RM · 1mo ago on Aug 30, 2026· 47m 54s· 2 players
Game mode
Random Map
Map size
Tiny (2 player)
Population
200
Speed
Normal
Resources
Standard
Victory
Conquest
Starting age
Dark Age
Ending age
Imperial Age
RankedLock teamsTeams togetherTeam positionsShared explorationLock speedFull tech treeHidden civsTurbo modeCheats
Victory
Defeat
🇧🇷 Persians · Brazil
1513
+13
🇩🇪 Jurchens · Germany
1458
-13
ninive
8:38 Feudal Age
8:36 Loom
23:56 Castle Age
24:07 Bloodlines
23:48 Fletching
24:41 Bodkin Arrow
24:32 Double-Bit Axe
29:11 Ballistics
30:26 Husbandry
31:37 Horse Collar
31:49 Gold Mining
36:38 Wheelbarrow
39:58 Padded Archer Armor
45:33 Imperial Age
43:48 Hand Cart
43:18 Town Watch
44:15 Leather Archer Armor
44:09 Herbal Medicine
45:02 Fortified Bastions
46:14 Bracer
47:16 Chemistry
46:43 Heavy Plow
46:54 Bow Saw
47:18 Conscription
47:06 Heavy Cavalry Archer
KND
6:43 Loom
9:22 Feudal Age
10:14 Double-Bit Axe
10:40 Horse Collar
19:10 Gold Mining
23:40 Castle Age
22:17 Forging
22:52 Scale Barding Armor
23:42 Light Cavalry
24:49 Chain Barding Armor
25:44 Wheelbarrow
25:21 Bow Saw
25:41 Bloodlines
25:33 Husbandry
28:56 Heavy Plow
30:38 Fletching
32:10 Ballistics
31:47 Bodkin Arrow
32:48 Padded Archer Armor
38:14 Imperial Age
36:05 Stone Mining
39:45 Gold Shaft Mining
41:02 Chemistry
40:35 Cavalier
42:53 Plate Barding Armor
43:56 Savar
45:17 Stone Shaft Mining
45:42 Iron Casting
46:18 Conscription
46:05 Town Watch
46:41 Hand Cart
Connection lost

Rejoining the realm…

Still unreachable

The connection could not be restored.

Session expired

The server has moved on; the page needs a fresh start.